 Dungeon Crawl Stone Soup version 0.23.2 (webtiles) character file.

Game seed: 16987223062683734701

1371 Kobolds4U the Protected (level 8, -1/70 HPs)
             Began as a Minotaur Fighter on Apr 12, 2019.
             Was an Initiate of Ashenzari.
             Slain by an orc wizard
             ... wielding a +0 dagger of distortion
              (16 damage)
             ... on level 6 of the Dungeon.
             The game lasted 00:08:42 (5626 turns).

Kobolds4U the Protected (Minotaur Fighter)          Turns: 5626, Time: 00:08:42

Health: -1/70      AC: 13    Str: 22    XL:     8   Next: 38%
Magic:  7/7        EV:  8    Int:  8    God:    Ashenzari [......]
Gold:   342        SH:  0    Dex: 10    Spells: 7/7 levels left

rFire    . . .     SeeInvis .   a - +0 war axe
rCold    . . .     Gourm    .   (no shield)
rNeg     . . .     Faith    .   r - +0 chain mail (curse)
rPois    .         Spirit   .   (helmet restricted)
rElec    .         Reflect  .   u - +0 cloak (curse)
rCorr    .         Harm     .   (no gloves)
MR       .....                  j - +0 pair of boots (curse)
Stlth    ..........             (no amulet)
HPRegen  0.21/turn              b - +2 ring of intelligence
MPRegen  0.10/turn              (no ring)

@: no status effects
A: retaliatory headbutt, horns 2
a: Curse Item, Renounce Religion


You were on level 6 of the Dungeon.
You worshipped Ashenzari.
Ashenzari was noncommittal.
You were very hungry.

You visited 2 branches of the dungeon, and saw 7 of its levels.

You collected 342 gold pieces.

Inventory:

Hand Weapons
 a - a +0 war axe (weapon)
 A - a +2 flail of holy wrath
Missiles
 y - 8 javelins (quivered)
Armour
 c - a +0 shield
 j - a cursed +0 pair of boots (worn)
 r - a cursed +0 chain mail (worn)
 u - a cursed +0 cloak (worn)
Jewellery
 b - a +2 ring of intelligence (left hand)
Scrolls
 e - 2 scrolls of remove curse
 g - a scroll of fear {unknown}
 h - 4 scrolls of enchant armour {unknown}
 k - 8 scrolls of identify {unknown}
 m - 5 scrolls of teleportation {unknown}
 n - 2 scrolls of magic mapping {unknown}
 p - 2 scrolls of blinking {unknown}
 x - a scroll of random uselessness {unknown}
Potions
 d - 3 potions of might
 i - a potion of lignification {unknown}
 l - 3 potions of curing {unknown}
 o - a potion of magic {unknown}
 q - a potion of berserk rage {unknown}
 s - a potion of invisibility {unknown}
 t - 4 potions of heal wounds {unknown}
 v - a potion of degeneration {unknown}
 w - a potion of resistance {unknown}
Comestibles
 f - 12 rations


   Skills:
 - Level 6.0 Fighting
 + Level 7.5 Axes
 + Level 4.1 Throwing
 + Level 8.0 Armour
 - Level 3.6 Shields


You had 7 spell levels left.
You didn't know any spells.
Your spell library was empty.

Dungeon Overview and Level Annotations

Branches:
Dungeon (6/15)             Temple (1/1) D:6

Altars:
Ashenzari
Cheibriados
Dithmenos
Fedhas
Gozag
Hepliaklqana
Kikubaaqudgha
Makhleb
Nemelex Xobeh
Qazlal
Ru
Sif Muna
Trog
Vehumet
Wu Jian
Xom
Yredelemnul
Zin
The Shining One


Innate Abilities, Weirdness & Mutations

You reflexively headbutt those who attack you in melee.
You have a pair of horns on your head.


Message History

The orc wizard is lightly wounded.
The orc wizard barely misses you. x2
You barely miss the orc wizard.
The orc wizard is lightly wounded.
The orc wizard points at you and mumbles some strange words.
The puff of flame hits you!
You hit the orc wizard. You headbutt the orc wizard.
The orc wizard is heavily wounded.
The orc wizard hits you but does no damage.
Space bends around you.
* * * LOW HITPOINT WARNING * * *
The orc wizard hits you but does no damage.
You blink.
Found 24 arrows.
The orc wizard hits you but does no damage.
Space bends around you.
* * * LOW HITPOINT WARNING * * *
The orc wizard hits you but does no damage.
Space warps horribly around you!
You die...

#....######..
##......>....
#...........
##...########
#######...##
..
...........#
#####..(.
...........#
#........
..######...##
#)#
##...####@###
##...#.o...#
#
#...#ยง#'#.#
##
##..'.#>#.+
.# ####.###.#
.# #.....# #
###+### # ...
...#


You could see an orc wizard.

Vanquished Creatures
  Edmund (D:5)
  A water moccasin (D:6)
  2 sky beasts
  An ice beast (D:5)
  An ogre (D:5)
  A centaur (D:6)
  A bullfrog (D:6)
  A howler monkey (D:5)
  A bullfrog zombie (D:6)
  2 orc priests
  A centaur skeleton (D:6)
  A hound (D:4)
  5 orc wizards
  4 worker ants
  2 iguanas
  A hound skeleton (D:6)
  A worker ant zombie (D:5)
  8 adders
  An ooze (D:1)
  An adder zombie (D:6)
  5 worms
  2 leopard geckos
  9 orcs
  6 ball pythons
  8 giant cockroaches
  6 goblins
  8 hobgoblins
  4 jackals (D:3)
  A quokka (D:6)
  5 bats
  2 frilled lizards
  A jackal zombie (D:6)
  5 kobolds
  8 rats
107 creatures vanquished.

Notes
Turn   | Place    | Note
-------+----------+-------------------------------------------
     0 | D:1      | Kobolds4U the Minotaur Fighter began the quest for the Orb.
     0 | D:1      | Reached XP level 1. HP: 19/19 MP: 0/0
   165 | D:1      | Reached XP level 2. HP: 26/27 MP: 1/1
   170 | D:1      | Reached skill level 4 in Armour
   673 | D:2      | Reached XP level 3. HP: 33/33 MP: 2/2
  1294 | D:2      | Reached XP level 4. HP: 38/41 MP: 3/3
  1465 | D:3      | Reached skill level 5 in Fighting
  1465 | D:3      | Reached XP level 5. HP: 32/48 MP: 4/4
  1583 | D:3      | Reached skill level 5 in Armour
  3391 | D:5      | Entered Level 5 of the Dungeon
  3419 | D:5      | Reached XP level 6. HP: 35/56 MP: 5/5
  3434 | D:5      | Reached skill level 5 in Axes
  3661 | D:5      | Noticed an ice beast
  3669 | D:5      | Killed an ice beast
  3669 | D:5      | Reached skill level 6 in Armour
  3863 | D:5      | Noticed Edmund
  3881 | D:5      | Killed Edmund
  3881 | D:5      | Reached skill level 1 in Throwing
  3881 | D:5      | Reached XP level 7. HP: 48/63 MP: 6/6
  4252 | D:5      | Reached skill level 7 in Armour
  5094 | D:6      | Reached XP level 8. HP: 65/70 MP: 7/7
  5266 | D:6      | Found a radiant altar of Vehumet.
  5428 | D:6      | Found a staircase to the Ecumenical Temple.
  5436 | Temple   | Entered the Ecumenical Temple
  5589 | Temple   | Became a worshipper of Ashenzari the Shackled
  5609 | D:6      | Reached skill level 8 in Armour
  5626 | D:6      | Slain by an orc wizard

Skill      XL: |  1  2  3  4  5  6  7  8 |
---------------+-------------------------+-----
Fighting       | 4 5 6 |  6.0
Axes           | 3 4 5 6 7 |  7.5
Armour         | 4 5 6 7 8 |  8.0
Throwing       | 1 3 4 |  4.1
Shields        | |  3.6

Action                   |  1- 3 |  4- 6 |  7- 9 || total
-------------------------+-------+-------+-------++-------
Melee: War axe           |    90 |   127 |   102 ||   319
       Headbutt          |    13 |    13 |    14 ||    40
Invok: Curse Item        |       |       |     3 ||     3
  Eat: Chunk             |     1 |     8 |     5 ||    14
Armor: Scale mail        |    51 |       |       ||    51
       Chain mail        |       |    96 |    65 ||   161
Dodge: Dodged            |    37 |    49 |    37 ||   123
